 Dungeon Crawl Stone Soup version 0.32-a0-779-g362cfcae2a (webtiles) character file.

Game seed: 14656275445925961112

8939 sleeves the Thaumaturge (level 11, -1/83 HPs)
             Began as a Gnoll Earth Elementalist on Mar 19, 2024.
             Was a Believer of Sif Muna.
             Slain by a seven-headed hydra (10 damage)
             ... on level 10 of the Dungeon.
             The game lasted 00:14:33 (10272 turns).

sleeves the Thaumaturge (Gnoll Earth Elementalist) Turns: 10272, Time: 00:14:34

Health: -1/83      AC:  5    Str:  9    XL:     11   Next: 38%
Magic:  2/23       EV: 13    Int: 30    God:    Sif Muna [**....]
Gold:   539        SH:  5    Dex: 12    Spells: 22/26 levels left

rFire   . . .        v - +5 trident (freeze)
rCold   . . .        p - +0 buckler
rNeg    + . .        s - +0 leather armour of the Bagpipe {rN+ Slay+3}
rPois   .            (no helmet)
rElec   .            h - +0 cloak
rCorr   .            (no gloves)
SInv    .            (no boots)
Will    .....        D - amulet of the acrobat
Stlth   +++          d - +6 ring of intelligence
HPRegen 0.33/turn    m - +6 ring of intelligence
MPRegen 0.18/turn

%: acrobat
@: very slightly contaminated
A: fangs 1, strong nose, distributed training
a: Renounce Religion, Channel Magic


You were on level 10 of the Dungeon.
You worshipped Sif Muna.
Sif Muna was pleased with you.
You visited 2 branches of the dungeon, and saw 11 of its levels.
You also visited: Sewer.

You collected 604 gold pieces.
You spent 65 gold pieces at shops.

Inventory:

Hand Weapons
 v - a +5 trident of freezing (weapon)
   (You took it off a wight on level 8 of the Dungeon)
 M - a +3 hand axe of electrocution
   (You found it on level 8 of the Dungeon)
 T - a +0 war axe of flaming
   (You took it off Maggie on level 10 of the Dungeon)
Missiles
 w - 4 curare-tipped darts
Armour
 h - a +0 cloak (worn)
   (You found it on level 1 of the Dungeon)
 l - a +0 kite shield
   (You found it on level 1 of the Dungeon)
 p - a +0 buckler (worn)
   (You found it on level 2 of the Dungeon)
 s - the +0 leather armour of the Bagpipe (worn) {rN+ Slay+3}
   (You found it on level 2 of the Dungeon)

   Slay+3:    It affects your accuracy & damage with ranged weapons and melee
   (+3).
   rN+:       It protects you from negative energy.
Jewellery
 d - a +6 ring of intelligence (left hand)
   (You found it on level 1 of the Dungeon)
 m - a +6 ring of intelligence (right hand)
   (You found it on level 1 of the Dungeon)
 r - a ring of resist corrosion
   (You found it on level 2 of the Dungeon)
 D - an amulet of the acrobat (around neck)
   (You found it on level 8 of the Dungeon)
 Q - a ring of poison resistance
   (You found it on level 9 of the Dungeon)
Wands
 B - a wand of warping (12)
   (You found it on level 5 of the Dungeon)
 I - a wand of flame (17)
   (You found it on level 7 of the Dungeon)
 L - a wand of digging (3)
   (You found it on level 8 of the Dungeon)
 O - a wand of acid (4)
   (You found it on level 9 of the Dungeon)
 R - a wand of polymorph (3)
   (You found it on level 9 of the Dungeon)
 S - a wand of mindburst (9)
   (You took it off Maggie on level 10 of the Dungeon)
Scrolls
 c - a scroll of enchant armour
 e - 4 scrolls of identify
 f - 4 scrolls of revelation
 i - a scroll of poison
 j - 3 scrolls of blinking
 n - 5 scrolls of enchant weapon
 o - 2 scrolls of torment
 q - 2 scrolls of immolation
 y - a scroll of vulnerability {unknown}
 A - 2 scrolls of fog
 C - 3 scrolls of teleportation
 H - 2 scrolls of noise {unknown}
 K - 2 scrolls of amnesia
 P - a scroll of fear {unknown}
Potions
 a - 3 potions of might
 b - 7 potions of magic
 g - 2 potions of attraction {unknown}
 k - 5 potions of curing
 t - 2 potions of lignification {unknown}
 u - 2 potions of berserk rage {unknown}
 x - 2 potions of invisibility {unknown}
 z - 4 potions of cancellation
 E - 2 potions of enlightenment {unknown}
 F - 5 potions of heal wounds {unknown}
 G - 2 potions of resistance {unknown}
 J - 2 potions of haste {unknown}
Miscellaneous
 N - a lightning rod (4/4)
   (You found it on level 8 of the Dungeon)


   Skills:
 + Level 6.5 Fighting
 + Level 6.5 Short Blades
 + Level 6.5 Long Blades
 + Level 6.5 Axes
 + Level 6.5 Maces & Flails
 + Level 6.5 Polearms
 + Level 6.5 Staves
 + Level 6.5 Ranged Weapons
 + Level 6.5 Throwing
 + Level 6.5 Armour
 + Level 8.0 Dodging
 + Level 7.8 Stealth
 + Level 6.5 Shields
 + Level 6.5 Unarmed Combat
 + Level 8.3 Spellcasting
 + Level 5.8 Conjurations
 + Level 5.3 Hexes
 + Level 5.3 Summonings
 + Level 5.3 Necromancy
 + Level 5.3 Translocations
 + Level 5.3 Fire Magic
 + Level 5.3 Ice Magic
 + Level 5.3 Air Magic
 + Level 7.7 Earth Magic
 + Level 5.3 Alchemy
 + Level 7.1 Invocations
 + Level 6.5 Evocations
 + Level 5.9 Shapeshifting


You had 22 spell levels left.
You knew the following spells:

 Your Spells              Type           Power      Damage    Failure   Level
a - Sandblast             Erth           100%       2d20      1%          1
b - Stone Arrow           Conj/Erth      100%       3d13      1%          3

Your spell library contained the following spells:

 Spells                   Type           Power      Damage    Failure   Level
 Passwall                 Erth           56%        N/A       1%          3
 Brom's Barrelling Bould  Conj/Erth      52%        2d7       4%          4
 Petrify                  Alch/Erth      51%        N/A       5%          4
 Malign Gateway           Summ/Tloc      22%        N/A       100%        7
 Summon Horrible Things   Summ           22%        N/A       100%        8


Dungeon Overview and Level Annotations

Branches:
Dungeon (10/15)            Temple (1/1) D:7           Sewer (visited)
   Lair: D:8-11         Orc: D:9-12

Altars:
Ashenzari
Cheibriados
Dithmenos
Elyvilon
Fedhas
Gozag
Hepliaklqana
Kikubaaqudgha
Makhleb
Nemelex Xobeh
Okawaru
Qazlal
Ru
Sif Muna
Trog
Uskayaw
Vehumet
Wu Jian
Xom
Yredelemnul
Zin
The Shining One

Shops:
D:5 ?   D:9 *

Annotations:
D:4 2 runed translucent doors, Crazy Yiuf; ebering's ghost, amateur MDFi


Innate Abilities, Weirdness & Mutations

You have very sharp teeth.
Your uncanny sense of smell can sniff out nearby items.
Your experience applies equally to all skills.


Message History

The blast of sand hits the scorpion zombie!!
The scorpion zombie is almost destroyed.
The blast of sand hits the scorpion zombie!!
You destroy the scorpion zombie!
Sif Muna accepts your kill.
There is an open door here.
There is an open door here.
A killer bee zombie comes into view.
There is an open door here.
A killer bee zombie is nearby!
A killer bee zombie is nearby!
The blast of sand hits the killer bee zombie!!
You destroy the killer bee zombie!
Sif Muna accepts your kill.
You can't see any susceptible monsters within range! (Use Z to cast anyway.)
A sleepcap comes into view.
A sleepcap is nearby!
A sleepcap is nearby!
A wight and a killer bee zombie come into view.
The blast of sand hits the sleepcap!
The sleepcap is heavily damaged.
The blast of sand hits the killer bee zombie!!!
You destroy the killer bee zombie!
Sif Muna accepts your kill.
The blast of sand hits the sleepcap.
The sleepcap is severely damaged.
The sleepcap releases spores at you.
You are engulfed in a cloud of soporific spores!
You fall asleep.
The sleepcap releases spores at you.
You wake up.
You are engulfed in a cloud of soporific spores!
You are unaffected.
Unknown command.
Unknown command.
Unknown command.
Unknown command.
Unknown command.
Unknown command.
Unknown command.
Unknown command.
Unknown command.
The blast of sand hits the sleepcap!!
You destroy the sleepcap!
Sif Muna accepts your kill. The wight hits you with a +3 falchion.
The blast of sand misses the wight.
You block the wight's attack. The wight hits you with a +3 falchion.
The blast of sand hits the wight!
The wight is almost destroyed.
The wight hits you with a +3 falchion! You partially resist.
You feel drained.
The blast of sand hits the wight.
You destroy the wight!
Sif Muna accepts your kill.
Your life force feels restored.
Things that are here:
a +3 falchion; a +0 robe A scorpion zombie comes into view.
A scorpion zombie is nearby!
The blast of sand hits the scorpion zombie.
The scorpion zombie is lightly damaged.
The blast of sand hits the scorpion zombie!
The scorpion zombie is heavily damaged.
The scorpion zombie barely misses you.
The blast of sand hits the scorpion zombie!!
You destroy the scorpion zombie!
Sif Muna accepts your kill.
There is an open door here.
A phantom comes into view.
A phantom is nearby!
The blast of sand hits the phantom!!
The phantom is almost destroyed.
The phantom completely misses you.
The blast of sand hits the phantom!!
You destroy the phantom!
Sif Muna accepts your kill.
A shadow imp comes into view.
A shadow imp is nearby!
A shadow imp is nearby!
The blast of sand hits the shadow imp.
The shadow imp is heavily wounded.
The blast of sand hits the shadow imp!
You kill the shadow imp!
Sif Muna accepts your kill.
A scorpion zombie comes into view.
A scorpion zombie is nearby!
A scorpion zombie is nearby!
A phantom comes into view.
The blast of sand hits the scorpion zombie!
The scorpion zombie is heavily damaged.
A wight comes into view. It is wielding a +0 flail.
The scorpion zombie hits you but does no damage.
The blast of sand hits the scorpion zombie.
The scorpion zombie is heavily damaged.
The scorpion zombie misses you.
The blast of sand hits the scorpion zombie!!
You destroy the scorpion zombie!
Sif Muna accepts your kill. You block the phantom's attack.
The phantom hits you.
The phantom blinks!
You blink.
The blast of sand hits the phantom!!
The phantom is severely damaged.
The phantom hits you but does no damage.
The blast of sand hits the phantom!
You destroy the phantom!
Sif Muna accepts your kill. You block the wight's attack.
The wight hits you with a +0 flail!
The blast of sand hits the wight!
The wight is heavily damaged.
The wight hits you but does no damage.
The blast of sand misses the wight.
The wight hits you with a +0 flail. You partially resist.
You feel drained. The wight hits you with a +0 flail! You partially resist.
You feel drained.
The blast of sand misses the wight.
The wight barely misses you.
The blast of sand misses the wight.
You block the wight's attack. The wight hits you with a +0 flail.
You partially resist.
You feel drained.
The blast of sand hits the wight!
You destroy the wight!
Sif Muna accepts your kill.
A phantom comes into view.
A phantom is nearby!
A phantom is nearby!
The blast of sand hits the phantom!
The phantom is severely damaged.
The phantom hits you.
The blast of sand hits the phantom!!
You destroy the phantom!
Sif Muna accepts your kill.
Your life force feels restored.
There is an open door here.
You open the door. 3 shadow imps come into view.
The shadow imp shouts, "Go and return not, thou weedy dread-bolted flim-flammer!"
The shadow imp shouts, "Return whence thou came, thou froward hedge-born lewdster!"
The shadow imp shouts!
The shadow imp disappears for a moment.
The shadow imp gestures at you. Pain shoots through your body!
The shadow imp summons a swarm of flies.
Found a scale mail and a scroll of identify.
Found an escape hatch in the floor.
There are monsters nearby!
The blast of sand hits the shadow imp!!
You kill the shadow imp!
Sif Muna accepts your kill. The shadow imp puffs mist at you.
The blast of sand misses the shadow imp.
The blast of sand misses the shadow imp.
The blast of sand hits the shadow imp!!
You kill the shadow imp!
Sif Muna accepts your kill. The shadow imp closely misses you.
The shadow imp misses you.
The blast of sand hits the shadow imp!
The shadow imp is severely wounded.
The shadow imp completely misses you.
The blast of sand hits the shadow imp!!
You kill the shadow imp!
Sif Muna accepts your kill.
There is an open door here.
e - 3 scrolls of identify (gained 1)
You now have 396 gold pieces (gained 14).
You open the large door.
A shadow imp, a water moccasin and a wraith come into view.
Found 27 gold pieces.
A wraith is nearby!
Casting: Sandblast (safe; 1% risk of failure)
Confirm with . or Enter, or press ? or * to list all spells.
You can't see any susceptible monsters within range! (Use Z to cast anyway.) Unknown command.
Casting: Sandblast (safe; 1% risk of failure)
Confirm with . or Enter, or press ? or * to list all spells.
Aiming: Stone Arrow (safe; 1% risk of failure)
Press: ? - help, Shift-Dir - straight line, f - wraith
Aim: a wraith (76% to hit)
The stone arrow hits the wraith!
The wraith is moderately damaged.
Casting: Stone Arrow (safe; 1% risk of failure)
Confirm with . or Enter, or press ? or * to list all spells.
Aiming: Stone Arrow (safe; 1% risk of failure)
Press: ? - help, Shift-Dir - straight line, f/p - wraith
Aim: a wraith (moderately damaged, 76% to hit)
The stone arrow hits the wraith!
The wraith is severely damaged.
You hear an angry hiss.
The blast of sand hits the wraith but does no damage.
The wraith is severely damaged.
The water moccasin hisses angrily.
The blast of sand misses the wraith.
The wraith hits you. The wraith closely misses you.
Casting: Sandblast (safe; 1% risk of failure)
Confirm with . or Enter, or press ? or * to list all spells.
Aiming: Stone Arrow (safe; 1% risk of failure)
Press: ? - help, Shift-Dir - straight line, f/p - wraith
Aim: a wraith (severely damaged, 76% to hit)
The stone arrow hits the wraith!!
You destroy the wraith!
Sif Muna accepts your kill. The water moccasin bites you.
Casting: Stone Arrow (safe; 1% risk of failure)
Confirm with . or Enter, or press ? or * to list all spells.
Aiming: Stone Arrow (safe; 1% risk of failure)
Press: ? - help, Shift-Dir - straight line, f - water moccasin
Aim: a water moccasin (60% to hit)
The stone arrow hits the water moccasin!
The water moccasin is heavily wounded.
The water moccasin closely misses you. The water moccasin barely misses you.
The blast of sand hits the water moccasin!!
You kill the water moccasin!
Sif Muna accepts your kill.
The blast of sand hits the shadow imp!
The shadow imp is severely wounded.
The blast of sand hits the shadow imp!
You kill the shadow imp!
Sif Muna accepts your kill.
You see here a water moccasin corpse.
There is a large open door here.
There is a large open door here.
You now have 408 gold pieces (gained 12).
You see here the +0 chain mail of Plog {+Blink rC- Int+4}.
You now have 422 gold pieces (gained 14).
You see here the +0 chain mail of Plog {+Blink rC- Int+4}.
You now have 437 gold pieces (gained 15).
You now have 451 gold pieces (gained 14).
You pick up a Grand Grimoire and begin reading...
You add the spells Malign Gateway and Summon Horrible Things to your library.
You now have 461 gold pieces (gained 10).
N - a lightning rod (4/4)
There is a large open door here.
There is an escape hatch in the floor here.
There is an open door here.
There is an open door here.
As you open the door, it creaks loudly!
A phantom comes into view.
A phantom is nearby!
A phantom is nearby!
A phantom is nearby!
The blast of sand misses the phantom.
The phantom hits you.
The phantom blinks!
You blink.
You block the phantom's attack.
The blast of sand hits the phantom!!
You destroy the phantom!
Sif Muna accepts your kill.
You can't see any susceptible monsters within range! (Use Z to cast anyway.)
There is an open door here.
There is an open door here.
There is an open door here.
There is an open gate here.
There is an open gate here.
Done exploring.
Done exploring.
Done exploring.
There is a stone staircase leading up here.
You see here a howler monkey skeleton.
There is a stone staircase leading down here.
You climb downwards.
There is a stone staircase leading up here.
You open the door.
Found 5 stones.
There is an open door here.
A wyvern comes into view.
A wyvern is nearby!
The blast of sand hits the wyvern.
The wyvern is lightly wounded.
The wyvern hisses angrily.
The blast of sand hits the wyvern!!
The wyvern is severely wounded.
You block the wyvern's attack. The wyvern bites you!
The blast of sand hits the wyvern.
The wyvern is almost dead.
The wyvern misses you. The wyvern bites you!
You are too injured to fight recklessly!
You are too injured to fight recklessly!
Reach: v) +5 trident (freeze)
Press: ? - help, Dir - move target, f/p - wyvern
Aim: a wyvern (almost dead, about 31% to evade your +5 trident of freezing)
You hit the wyvern. You freeze the wyvern.
You kill the wyvern!
Sif Muna accepts your kill.
Magic restored.
HP restored.
Found a robe.
You see here 5 stones.
O - a wand of acid (7)
You see here a +0 spear.
A centaur comes into view.
Found a scroll of revelation.
The centaur shouts!
You reach to attack!
You puncture the centaur! You freeze the centaur.
The centaur is heavily wounded.
The centaur wields a +0 shortbow.
The centaur shoots an arrow.
The arrow barely misses you.
The centaur shoots an arrow.
The arrow hits you but does no damage.
You reach to attack!
You puncture the centaur! You freeze the centaur.
You kill the centaur!
Sif Muna accepts your kill.
No target in view!
No target in view!
f - 4 scrolls of revelation (gained 1)
Found a whip.
A bullfrog comes into view.
A bullfrog is nearby!
The blast of sand hits the bullfrog!
The bullfrog is almost dead.
The bullfrog gives a loud, deep croak!
The bullfrog misses you.
You puncture the bullfrog!
The bullfrog seems to slow down.
You freeze the bullfrog.
You kill the bullfrog!
Sif Muna accepts your kill.
You open the door.
Found two stone staircases leading down.
There is an open door here.
You now have 468 gold pieces (gained 7).
t - 2 amethyst potions (gained 1)
Found an escape hatch in the ceiling.
P - a scroll labelled SEGYGAO TEUB
Found an escape hatch in the floor.
Q - a ring of poison resistance
Okay, then.
Found Orhucly's General Store.
There is an entrance to Orhucly's General Store here.
You can access your shopping list by pressing '$'.
There is an open door here.
You see here a +0 whip.
There is an open door here.
A water moccasin comes into view.
A water moccasin is nearby!
A water moccasin is nearby!
The blast of sand hits the water moccasin!!
The water moccasin is severely wounded.
The water moccasin hisses angrily.
The blast of sand hits the water moccasin!!
You kill the water moccasin!
Sif Muna accepts your kill.
You now have 476 gold pieces (gained 8).
F - 5 sedimented emerald potions (gained 1)
A kobold comes into view. It is wielding a +0 dagger.
A kobold is nearby!
A kobold is nearby!
A kobold comes into view. It is wielding a +0 short sword.
A kobold brigand comes into view.
It is wielding a +0 dagger and quivering poisoned darts.
The kobold shouts!
You hear a shout!
A kobold comes into view. It is wielding a +0 short sword.
The blast of sand misses the kobold.
The kobold brigand shouts!
The kobold shouts!
The blast of sand hits the kobold!!
You kill the kobold!
Sif Muna accepts your kill.
The kobold throws a stone.
The stone hits you but does no damage.
The blast of sand hits the kobold!!
You kill the kobold!
Sif Muna accepts your kill.
The blast of sand hits the kobold brigand!!
The kobold brigand is severely wounded.
The kobold brigand hits you with a +0 dagger.
The blast of sand hits the kobold brigand!!
You kill the kobold brigand!
Sif Muna accepts your kill. The kobold hits you but does no damage.
The blast of sand hits the kobold!!
You kill the kobold!
Sif Muna accepts your kill.
You can't see any susceptible monsters within range! (Use Z to cast anyway.)
Things that are here:
a +0 dagger; 4 poisoned darts You open the door.
There is an open door here.
An orc comes into view. It is wielding a +0 dagger.
An orc is nearby!
An orc wizard comes into view. It is wielding a +0 dagger.
Found a stone staircase leading down.
An orc priest and an orc come into view.
The orc wizard shouts!
The orc priest shouts!
The orc shouts! x2
The blast of sand hits the orc.
The orc is moderately wounded.
The blast of sand hits the orc!
You kill the orc!
Sif Muna accepts your kill.
The blast of sand hits the orc wizard!
The orc wizard is almost dead.
You block the orc wizard's attack.
The orc priest calls upon Beogh to heal the orc wizard.
The orc wizard is healed somewhat.
The blast of sand hits the orc wizard!!
You kill the orc wizard!
Sif Muna accepts your kill. The orc hits you with a +0 flail!
The blast of sand hits the orc priest!!
You kill the orc priest!
Sif Muna accepts your kill. The orc hits you with a +0 flail.
Your Fighting skill increases to level 6!
Your Short Blades skill increases to level 6!
Your Long Blades skill increases to level 6!
Your Axes skill increases to level 6!
Your Maces & Flails skill increases to level 6!
Your Polearms skill increases to level 6!
Your Staves skill increases to level 6!
Your Ranged Weapons skill increases to level 6!
Your Throwing skill increases to level 6!
Your Armour skill increases to level 6!
Your Shields skill increases to level 6!
Your Unarmed Combat skill increases to level 6!
Your Evocations skill increases to level 6!
The blast of sand hits the orc!
You kill the orc!
Sif Muna accepts your kill.
You can't see any susceptible monsters within range! (Use Z to cast anyway.)
Found 4 boomerangs.
You open the door.
There is an open door here.
Found a stone staircase leading up.
You open the door.
Found a stone staircase leading up.
There is an open door here.
A bullfrog comes into view.
Found 9 gold pieces.
The blast of sand hits the bullfrog!!
The bullfrog is almost dead.
The bullfrog barely misses you.
The bullfrog hits you but does no damage.
The bullfrog misses you.
The blast of sand hits the bullfrog!!
You kill the bullfrog!
Sif Muna accepts your kill.
You see here a bullfrog corpse.
A - 2 scrolls of fog (gained 1)
You now have 485 gold pieces (gained 9).
You open the door.
There is an open door here.
There is an open door here.
You open the door.
There is an open door here.
n - 5 scrolls of enchant weapon (gained 1)
You now have 492 gold pieces (gained 7).
R - a wand of polymorph (4)
You open the door.
There is an open door here.
There is an open door here.
There is a stone staircase leading up here.
You open the door.
There is an open door here.
There is a stone staircase leading up here.
You open the door.
There is an open door here.
C - 2 scrolls of teleportation (gained 1)
C - 3 scrolls of teleportation (gained 1)
You open the door.
There is an open door here.
You see here a +0 robe.
You see here a +0 robe.
Found a falchion.
Done exploring.
Done exploring.
Done exploring.
Done exploring.
You see here a +0 spear.
There is a stone staircase leading down here.
You climb downwards.
There is a stone staircase leading up here.
A gnoll sergeant and a gnoll come into view.
The gnoll sergeant is wielding a +1 spear of venom.
There are monsters nearby!
There are monsters nearby!
The gnoll shouts!
You hear a shout! x3
The blast of sand hits the gnoll!!
You kill the gnoll!
Sif Muna accepts your kill.
A gnoll comes into view. It is wielding a +0 spear.
A gnoll comes into view. It is wielding a +0 flail.
The blast of sand hits the gnoll sergeant.
The gnoll sergeant is moderately wounded.
The gnoll shouts!
The gnoll sergeant hits you from afar with a +1 spear of venom!
The blast of sand misses the gnoll sergeant.
The gnoll sergeant hits you from afar with a +1 spear of venom.
The blast of sand hits the gnoll sergeant.
The gnoll sergeant is moderately wounded.
The gnoll sergeant hits you from afar with a +1 spear of venom.
You are poisoned.
The gnoll sergeant hits you from afar with a +1 spear of venom.
You are more poisoned.
Maggie the Vainglorious comes into view.
She is wielding a +0 war axe of flaming and carrying a wand of mindburst.
Casting: Sandblast (safe; 1% risk of failure)
Confirm with . or Enter, or press ? or * to list all spells.
Aiming: Stone Arrow (safe; 1% risk of failure)
Press: ? - help, Shift-Dir - straight line, f/p - gnoll sergeant
Aim: a gnoll sergeant, wielding a +1 spear of venom and wearing a +0 scale mail (moderately wounded, 84% to hit)
The stone arrow hits the gnoll sergeant!!
You kill the gnoll sergeant!
Sif Muna accepts your kill.
You feel very sick.
Maggie gestures wildly while chanting.
Maggie attempts to bespell you!
You are mesmerised by Maggie!
Your Hexes skill increases to level 5!
Your Summonings skill increases to level 5!
Your Necromancy skill increases to level 5!
Your Translocations skill increases to level 5!
Your Fire Magic skill increases to level 5!
Your Ice Magic skill increases to level 5!
Your Air Magic skill increases to level 5!
Your Alchemy skill increases to level 5!
Casting: Stone Arrow (safe; 1% risk of failure)
Confirm with . or Enter, or press ? or * to list all spells.
Aiming: Stone Arrow (safe; 1% risk of failure)
Press: ? - help, Shift-Dir - straight line, f - Maggie
Aim: Maggie, wielding a +0 war axe of flaming, wearing +0 steam dragon scales and carrying a wand of mindburst (mesmerising, 78% to hit)
The stone arrow misses the gnoll.
The stone arrow hits Maggie!!
Maggie is moderately wounded.
You feel very sick.
You hear a shout!
Casting: Stone Arrow (safe; 1% risk of failure)
Confirm with . or Enter, or press ? or * to list all spells.
Aiming: Stone Arrow (safe; 1% risk of failure)
Press: ? - help, Shift-Dir - straight line, f/p - Maggie
Aim: Maggie, wielding a +0 war axe of flaming, wearing +0 steam dragon scales and carrying a wand of mindburst (moderately wounded, mesmerising, 78% to hit)
The stone arrow hits the gnoll!
The gnoll is almost dead.
You feel very sick. The gnoll closely misses you.
A gnoll comes into view. It is wielding a +0 whip.
Casting: Stone Arrow (safe; 1% risk of failure)
Confirm with . or Enter, or press ? or * to list all spells.
Aiming: Stone Arrow (safe; 1% risk of failure)
Press: ? - help, Shift-Dir - straight line, f/p - Maggie
Aim: Maggie, wielding a +0 war axe of flaming, wearing +0 steam dragon scales and carrying a wand of mindburst (moderately wounded, mesmerising, 78% to hit)
The stone arrow misses the gnoll.
The stone arrow hits Maggie!
Maggie is heavily wounded.
You feel sick. The gnoll closely misses you.
Casting: Stone Arrow (safe; 1% risk of failure)
Confirm with . or Enter, or press ? or * to list all spells.
Aiming: Stone Arrow (safe; 1% risk of failure)
Press: ? - help, Shift-Dir - straight line, f/p - Maggie
Aim: Maggie, wielding a +0 war axe of flaming, wearing +0 steam dragon scales and carrying a wand of mindburst (heavily wounded, mesmerising, 78% to hit)
The stone arrow hits the gnoll.
You kill the gnoll!
Sif Muna accepts your kill.
* * * LOW MAGIC WARNING * * *
You feel sick.
Casting: Stone Arrow (safe; 1% risk of failure)
Confirm with . or Enter, or press ? or * to list all spells.
Aiming: Sandblast (safe; 1% risk of failure)
Press: ? - help, Shift-Dir - straight line, f/p - Maggie
Aim: Maggie, wielding a +0 war axe of flaming, wearing +0 steam dragon scales and carrying a wand of mindburst (heavily wounded, mesmerising, 85% to hit)
The blast of sand misses Maggie.
* * * LOW MAGIC WARNING * * *
You feel sick. You block Maggie's attack.
A gnoll comes into view. It is wielding a +0 club.
The gnoll hits you from afar with a +0 spear.
* * * LOW HITPOINT WARNING * * *
Aiming: Corrosive Bolt
Press: ? - help, Shift-Dir - straight line, f - gnoll, p - Maggie
Aim: a gnoll, wielding a +0 club (77% to hit)
The bolt of acid misses Maggie.
The bolt of acid hits the gnoll!!
The acid corrodes the gnoll!
You kill the gnoll!
Sif Muna accepts your kill.
The bolt of acid hits the gnoll!!
The acid corrodes the gnoll!
You kill the gnoll!
Sif Muna accepts your kill.
You feel sick.
Maggie zaps a wand.
You struggle to resist.
Casting: Sandblast (safe; 1% risk of failure)
Confirm with . or Enter, or press ? or * to list all spells.
You don't know that spell.
Aiming: Polymorph
Press: ? - help, Shift-Dir - straight line, f - Maggie
Aim: Maggie, wielding a +0 war axe of flaming, wearing +0 steam dragon scales and carrying a wand of mindburst (heavily wounded, mesmerising, will become a swamp drake, a tengu, or a wyvern, chance to affect: 64%)
Okay, then.
Unknown command.
Casting: Sandblast (safe; 1% risk of failure)
Confirm with . or Enter, or press ? or * to list all spells.
Aiming: Stone Arrow (safe; 1% risk of failure)
Press: ? - help, Shift-Dir - straight line, f - Maggie
Aim: Maggie, wielding a +0 war axe of flaming, wearing +0 steam dragon scales and carrying a wand of mindburst (heavily wounded, mesmerising, 78% to hit)
The stone arrow hits Maggie!
Maggie is severely wounded.
* * * LOW MAGIC WARNING * * *
You feel sick. You block Maggie's attack.
Aiming: Corrosive Bolt
Press: ? - help, Shift-Dir - straight line, p - Maggie The bolt of acid hits Maggie!
The acid corrodes Maggie!
Maggie is almost dead.
The bolt of acid hits the gnoll!
The acid corrodes the gnoll!
You kill the gnoll!
Sif Muna accepts your kill.
You feel sick. You block Maggie's attack.
You puncture Maggie! You freeze Maggie.
You are no longer entranced.
You kill Maggie!
Sif Muna accepts your kill.
You feel sick.
Your Spellcasting skill increases to level 8!
You have reached level 11!
You start resting.
You feel sick.
You are no longer poisoned.
You start resting.
Magic restored.
S - a wand of mindburst (9)
Items here: )) [ †.
Okay, then.
T - a +0 war axe of flaming HP restored.
Items here: ))) [ †.
Things that are here:
a +0 club; a +0 spear; a gnoll corpse
Found a rapier.
A two-headed ogre and a wraith come into view.
There are monsters nearby!
There are monsters nearby!
Found a scroll of blinking.
j - 3 scrolls of blinking (gained 1)
You see here a +0 whip.
Found a stone staircase leading up.
Found 11 gold pieces.
An acid dragon comes into view.
Casting: Stone Arrow (safe; 1% risk of failure)
Confirm with . or Enter, or press ? or * to list all spells.
Aiming: Stone Arrow (safe; 1% risk of failure)
Press: ? - help, Shift-Dir - straight line, f - acid dragon
Aim: an acid dragon (78% to hit)
The stone arrow hits the acid dragon!
The acid dragon is heavily wounded.
Casting: Stone Arrow (safe; 1% risk of failure)
Confirm with . or Enter, or press ? or * to list all spells.
Aiming: Stone Arrow (safe; 1% risk of failure)
Press: ? - help, Shift-Dir - straight line, f/p - acid dragon
Aim: an acid dragon (heavily wounded, 78% to hit)
The stone arrow hits the acid dragon!!
You kill the acid dragon!
Sif Muna accepts your kill.
The acid dragon scales are intact enough to wear.
Found a stone staircase leading down.
You now have 503 gold pieces (gained 11).
A two-headed ogre comes into view.
It is wielding a +0 giant spiked club and a +0 giant club.
Things that are here:
+0 acid dragon scales; an acid dragon corpse You start resting.
A two-headed ogre comes into view. It is wielding two +0 giant clubs.
Casting: Stone Arrow (safe; 1% risk of failure)
Confirm with . or Enter, or press ? or * to list all spells.
You can't see any susceptible monsters within range! (Use Z to cast anyway.) Unknown command.
Unknown command.
Okay, then.
The two-headed ogre shouts in stereo!
You hear two shouts!
Casting: Stone Arrow (safe; 1% risk of failure)
Confirm with . or Enter, or press ? or * to list all spells.
You can't see any susceptible monsters within range! (Use Z to cast anyway.) Unknown command.
Casting: Stone Arrow (safe; 1% risk of failure)
Confirm with . or Enter, or press ? or * to list all spells.
Aiming: Stone Arrow (safe; 1% risk of failure)
Press: ? - help, Shift-Dir - straight line, f - two-headed ogre
Aim: a two-headed ogre, wielding two +0 giant clubs (89% to hit)
The stone arrow hits the two-headed ogre!!
The two-headed ogre is moderately wounded.
Casting: Stone Arrow (safe; 1% risk of failure)
Confirm with . or Enter, or press ? or * to list all spells.
Aiming: Stone Arrow (safe; 1% risk of failure)
Press: ? - help, Shift-Dir - straight line, f/p - two-headed ogre
Aim: a two-headed ogre, wielding two +0 giant clubs (moderately wounded, 89% to hit)
The stone arrow hits the two-headed ogre!!
The two-headed ogre is almost dead.
Casting: Stone Arrow (safe; 1% risk of failure)
Confirm with . or Enter, or press ? or * to list all spells.
Aiming: Stone Arrow (safe; 1% risk of failure)
Press: ? - help, Shift-Dir - straight line, f/p - two-headed ogre
Aim: a two-headed ogre, wielding two +0 giant clubs (almost dead, 89% to hit)
The stone arrow hits the two-headed ogre!!
You kill the two-headed ogre!
Sif Muna accepts your kill.
Okay, then.
Magic restored.
A two-headed ogre is nearby!
A two-headed ogre is nearby!
A two-headed ogre is nearby!
Casting: Stone Arrow (safe; 1% risk of failure)
Confirm with . or Enter, or press ? or * to list all spells.
You can't see any susceptible monsters within range! (Use Z to cast anyway.) Unknown command.
Casting: Stone Arrow (safe; 1% risk of failure)
Confirm with . or Enter, or press ? or * to list all spells.
Aiming: Stone Arrow (safe; 1% risk of failure)
Press: ? - help, Shift-Dir - straight line, f - two-headed ogre
Aim: a two-headed ogre, wielding a +0 giant spiked club and a +0 giant club (wandering, hasn't noticed you, 89% to hit)
The stone arrow hits the two-headed ogre!
The two-headed ogre is moderately wounded.
The two-headed ogre shouts in stereo!
Casting: Stone Arrow (safe; 1% risk of failure)
Confirm with . or Enter, or press ? or * to list all spells.
Aiming: Stone Arrow (safe; 1% risk of failure)
Press: ? - help, Shift-Dir - straight line, f/p - two-headed ogre
Aim: a two-headed ogre, wielding a +0 giant spiked club and a +0 giant club (moderately wounded, 89% to hit)
The stone arrow hits the two-headed ogre!
The two-headed ogre is heavily wounded.
Casting: Stone Arrow (safe; 1% risk of failure)
Confirm with . or Enter, or press ? or * to list all spells.
Aiming: Stone Arrow (safe; 1% risk of failure)
Press: ? - help, Shift-Dir - straight line, f/p - two-headed ogre
Aim: a two-headed ogre, wielding a +0 giant spiked club and a +0 giant club (heavily wounded, 89% to hit)
The stone arrow hits the two-headed ogre!
The two-headed ogre is almost dead.
Casting: Stone Arrow (safe; 1% risk of failure)
Confirm with . or Enter, or press ? or * to list all spells.
Aiming: Stone Arrow (safe; 1% risk of failure)
Press: ? - help, Shift-Dir - straight line, f/p - two-headed ogre
Aim: a two-headed ogre, wielding a +0 giant spiked club and a +0 giant club (almost dead, 89% to hit)
The stone arrow hits the two-headed ogre!!
You kill the two-headed ogre!
Sif Muna accepts your kill.
Items here: )))) †.
Things that are here:
+0 acid dragon scales; an acid dragon corpse
q - 2 scrolls of immolation (gained 1)
You now have 526 gold pieces (gained 23).
Found a cloak.
e - 4 scrolls of identify (gained 1)
You open the door.
There is an open door here.
You open the door.
There is an open door here.
You open the door.
Found a white marble altar of Elyvilon.
There is an open door here.
You open the door.
There is an open door here.
You open the door.
There is an open door here.
You open the door.
There is an open door here.
There is an open door here.
You open the door.
There is an open door here.
There is an open door here.
There is an open door here.
You open the door.
Found a stone staircase leading down.
There is an open door here.
An orc wizard comes into view. It is wielding a +0 dagger.
An orc wizard is nearby!
An orc wizard is nearby!
The orc wizard shouts!
You hear a shout! x2
The orc wizard casts a spell at you. The puff of flame misses you.
The blast of sand hits the orc wizard!!
You kill the orc wizard!
Sif Muna accepts your kill.
You can't see any susceptible monsters within range! (Use Z to cast anyway.)
An orc priest comes into view. It is wielding a +0 short sword.
An orc priest is nearby!
An orc priest is nearby!
An orc warrior comes into view. It is wielding a +0 war axe.
The orc warrior shouts!
The blast of sand hits the orc priest!!
You kill the orc priest!
Sif Muna accepts your kill.
An orc wizard comes into view. It is wielding a +0 dagger.
The blast of sand hits the orc warrior!
The orc warrior is moderately wounded.
An orc priest comes into view.
It is wielding a +1 hand axe of electrocution.
The orc priest looks satisfied for a moment.
Casting: Sandblast (safe; 1% risk of failure)
Confirm with . or Enter, or press ? or * to list all spells.
Aiming: Stone Arrow (safe; 1% risk of failure)
Press: ? - help, Shift-Dir - straight line, f/p - orc warrior
Aim: an orc warrior, wielding a +0 war axe and wearing a +0 chain mail (moderately wounded, 75% to hit)
The stone arrow hits the orc warrior!
The orc warrior is heavily wounded.
The orc warrior hits you with a +0 war axe.
Casting: Stone Arrow (safe; 1% risk of failure)
Confirm with . or Enter, or press ? or * to list all spells.
Aiming: Stone Arrow (safe; 1% risk of failure)
Press: ? - help, Shift-Dir - straight line, f/p - orc warrior
Aim: an orc warrior, wielding a +0 war axe and wearing a +0 chain mail (heavily wounded, 75% to hit)
The stone arrow hits the orc warrior!
You kill the orc warrior!
Sif Muna accepts your kill.
The orc priest looks satisfied for a moment.
Your Invocations skill increases to level 7!
Casting: Stone Arrow (safe; 1% risk of failure)
Confirm with . or Enter, or press ? or * to list all spells.
Aiming: Stone Arrow (safe; 1% risk of failure)
Press: ? - help, Shift-Dir - straight line, f - orc wizard
Aim: an orc wizard, wielding a +0 dagger and wearing a +0 robe (72% to hit)
The stone arrow misses the orc wizard.
The stone arrow hits the orc priest!!
You kill the orc priest!
Sif Muna accepts your kill. The orc wizard barely misses you.
Casting: Stone Arrow (safe; 1% risk of failure)
Confirm with . or Enter, or press ? or * to list all spells.
Aiming: Stone Arrow (safe; 1% risk of failure)
Press: ? - help, Shift-Dir - straight line, f/p - orc wizard
Aim: an orc wizard, wielding a +0 dagger and wearing a +0 robe (72% to hit)
The stone arrow hits the orc wizard!!
You kill the orc wizard!
Sif Muna accepts your kill.
HP restored.
Items here: )) [[.
Found 13 gold pieces.
Items here: ))) [ ††.
You now have 539 gold pieces (gained 13).
A kobold brigand and a kobold come into view.
The kobold brigand is wielding a +0 club and quivering poisoned darts.
Found a potion of degeneration.
The kobold brigand shouts!
A kobold comes into view. It is wielding a +0 whip.
The kobold brigand throws a poisoned dart.
The poisoned dart closely misses you.
A kobold comes into view. It is wielding a +0 short sword.
The kobold moves out of view.
There are monsters nearby!
You start waiting.
A kobold brigand is nearby!
A kobold comes into view. It is wielding a +0 dagger.
The kobold shouts!
You puncture the kobold brigand! You freeze the kobold brigand.
The kobold brigand is heavily wounded.
You hear a shout!
The kobold brigand closely misses you.
You puncture the kobold brigand! You freeze the kobold brigand.
The kobold brigand is almost dead.
The kobold brigand misses you.
You barely miss the kobold brigand.
The kobold brigand is almost dead.
The kobold brigand hits you with a +0 club.
You hit the kobold brigand. You freeze the kobold brigand.
You kill the kobold brigand!
Sif Muna accepts your kill.
You hit the kobold. You freeze the kobold.
You kill the kobold!
Sif Muna accepts your kill.
You miss the kobold. Your bite misses the kobold.
You block the kobold's attack.
You hit the kobold. You freeze the kobold.
You kill the kobold!
Sif Muna accepts your kill.
The kobold throws a stone.
The stone hits you but does no damage.
You reach to attack!
You hit the kobold. You freeze the kobold.
You kill the kobold!
Sif Muna accepts your kill.
You closely miss the kobold. The kobold barely misses you.
You puncture the kobold! You freeze the kobold.
You kill the kobold!
Sif Muna accepts your kill.
No target in view!
No target in view!
No target in view!
No target in view!
No target in view!
No target in view!
No target in view!
HP restored.
Items here: (( )))) [ ††††.
Things that are here:
a +0 short sword; 4 stones; a kobold corpse
Found a ring mail.
You see here a potion of degeneration.
A yaktaur comes into view.
The yaktaur shouts!
You hear a shout!
A yaktaur is nearby!
A steam dragon comes into view.
Found 24 gold pieces.
The steam dragon hisses angrily.
You see here a +0 ring mail.
Found a potion of curing.
Found a trident and 11 gold pieces.
A deep elf pyromancer comes into view. It is wielding a +0 dagger.
Found a book of Displacement.
A gnoll sergeant comes into view. It is wielding a +0 trident.
Casting: Stone Arrow (safe; 1% risk of failure)
Confirm with . or Enter, or press ? or * to list all spells.
Aiming: Stone Arrow (safe; 1% risk of failure)
Press: ? - help, Shift-Dir - straight line, f - gnoll sergeant
Aim: a gnoll sergeant, wielding a +0 trident, wearing a +0 ring mail and wearing a +0 kite shield (asleep, 100% to hit)
The stone arrow hits the gnoll sergeant!!
The gnoll sergeant is almost dead.
The gnoll sergeant shouts!
You hear a shout!
Casting: Stone Arrow (safe; 1% risk of failure)
Confirm with . or Enter, or press ? or * to list all spells.
Aiming: Stone Arrow (safe; 1% risk of failure)
Press: ? - help, Shift-Dir - straight line, f/p - gnoll sergeant
Aim: a gnoll sergeant, wielding a +0 trident, wearing a +0 ring mail and wearing a +0 kite shield (almost dead, 87% to hit)
The gnoll sergeant blocks the stone arrow.
Casting: Stone Arrow (safe; 1% risk of failure)
Confirm with . or Enter, or press ? or * to list all spells.
Aiming: Stone Arrow (safe; 1% risk of failure)
Press: ? - help, Shift-Dir - straight line, f/p - gnoll sergeant
Aim: a gnoll sergeant, wielding a +0 trident, wearing a +0 ring mail and wearing a +0 kite shield (almost dead, 87% to hit)
The stone arrow hits the gnoll sergeant!!
You kill the gnoll sergeant!
Sif Muna accepts your kill.
Casting: Stone Arrow (safe; 1% risk of failure)
Confirm with . or Enter, or press ? or * to list all spells.
Aiming: Stone Arrow (safe; 1% risk of failure)
Press: ? - help, Shift-Dir - straight line, f - deep elf pyromancer
Aim: a deep elf pyromancer, wielding a +0 dagger (69% to hit)
The stone arrow misses the deep elf pyromancer.
Casting: Stone Arrow (safe; 1% risk of failure)
Confirm with . or Enter, or press ? or * to list all spells.
Aiming: Stone Arrow (safe; 1% risk of failure)
Press: ? - help, Shift-Dir - straight line, f/p - deep elf pyromancer
Aim: a deep elf pyromancer, wielding a +0 dagger (69% to hit)
The stone arrow hits the deep elf pyromancer!!
The deep elf pyromancer is heavily wounded.
The deep elf pyromancer barely misses you.
Casting: Stone Arrow (safe; 1% risk of failure)
Confirm with . or Enter, or press ? or * to list all spells.
Aiming: Stone Arrow (safe; 1% risk of failure)
Press: ? - help, Shift-Dir - straight line, f/p - deep elf pyromancer
Aim: a deep elf pyromancer, wielding a +0 dagger (heavily wounded, 69% to hit)
The stone arrow hits the deep elf pyromancer!!
You kill the deep elf pyromancer!
Sif Muna accepts your kill.
Your Dodging skill increases to level 8!
You start resting.
A seven-headed hydra comes into view.
You close the door, pushing everything out of the way.
You see here a +0 dagger.
You start resting.
A yaktaur opens the door.
A cyclops comes into view.
The cyclops shouts!
Casting: Stone Arrow (safe; 1% risk of failure)
Confirm with . or Enter, or press ? or * to list all spells.
Aiming: Stone Arrow (safe; 1% risk of failure)
Press: ? - help, Shift-Dir - straight line, f - yaktaur
Aim: a yaktaur (95% to hit)
The stone arrow hits the yaktaur!
The yaktaur is moderately wounded.
The yaktaur wields a +0 arbalest.
The yaktaur shoots a bolt.
The bolt hits you!!
Aiming: Polymorph
Press: ? - help, Shift-Dir - straight line, f/p - yaktaur
Aim: a yaktaur, wielding a +0 arbalest (moderately wounded, will become a naga, a wind drake, or a cane toad, chance to affect: 47%)
The yaktaur evaporates and reforms as a wind drake!
A troll comes into view.
Casting: Stone Arrow (safe; 1% risk of failure)
Confirm with . or Enter, or press ? or * to list all spells.
Aiming: Stone Arrow (safe; 1% risk of failure)
Press: ? - help, Shift-Dir - straight line, f/p - wind drake
Aim: a wind drake (moderately wounded, 66% to hit)
The stone arrow hits the wind drake!!
The wind drake is almost dead.
* * * LOW MAGIC WARNING * * *
You hear a roar!
The wind drake flaps its wings at you. The air twists around and strikes you!
Okay, then.
Casting: Stone Arrow (safe; 1% risk of failure)
Confirm with . or Enter, or press ? or * to list all spells.
Aiming: Stone Arrow (safe; 1% risk of failure)
Press: ? - help, Shift-Dir - straight line, f/p - wind drake
Aim: a wind drake (almost dead, 66% to hit)
You miscast Stone Arrow.
You are very lightly contaminated with residual magic.
Nothing appears to happen.
* * * LOW MAGIC WARNING * * *
The wind drake barely misses you.
Aiming: Corrosive Bolt
Press: ? - help, Shift-Dir - straight line, f - seven-headed hydra, p - wind drake
Aim: a seven-headed hydra (91% to hit)
The bolt of acid hits the wind drake!
The acid corrodes the wind drake!
You kill the wind drake!
Sif Muna accepts your kill.
The bolt of acid hits the seven-headed hydra!!
The acid corrodes the seven-headed hydra!
The seven-headed hydra is moderately wounded.
You see here a +0 ring mail.
The seven-headed hydra is no longer covered in acid.
Aiming: Warp Space
Press: ? - help, Shift-Dir - straight line, p - seven-headed hydra Space twists violently!
The rupture engulfs the seven-headed hydra!
The seven-headed hydra is heavily wounded.
You hear a howl!
The seven-headed hydra bites you but does no damage.
The seven-headed hydra bites you!
* * * LOW HITPOINT WARNING * * *
You block the seven-headed hydra's attack.
The seven-headed hydra closely misses you.
You block the seven-headed hydra's attack.
The seven-headed hydra bites you.
* * * LOW HITPOINT WARNING * * *
The seven-headed hydra bites you.
* * * LOW HITPOINT WARNING * * *
Aiming: Warp Space
Press: ? - help, Shift-Dir - straight line Space twists violently!
The rupture engulfs the seven-headed hydra!!
The seven-headed hydra is almost dead.
The seven-headed hydra barely misses you.
The seven-headed hydra bites you but does no damage.
The seven-headed hydra bites you.
* * * LOW HITPOINT WARNING * * *
The seven-headed hydra bites you!
* * * LOW HITPOINT WARNING * * *
You block the seven-headed hydra's attack.
The seven-headed hydra bites you!
* * * LOW HITPOINT WARNING * * *
The seven-headed hydra bites you!
You die...

.# #. #.# .# # #.#
## #####)# #O
...#####...).# ..
##.........#.# #W
...######.#..# ##
#..!....# .#
#....#..# .#
#..@###..# .
########.D##$##.#
...........#.#....
∆
#####..#.##.##.#..
###...[#### .# #.
#.....##$.. ..∆
####.#TC######. ##
#......##:# #.
#.......#)# .#


You could see a seven-headed hydra, a cyclops and a troll.

Vanquished Creatures
  2 two-headed ogres (D:10)
  A deep elf pyromancer (D:10)
  Maggie (D:10)
  A wind drake (D:10)
  Grinder (D:5)
  4 yaks (D:8)
  A wyvern (D:9)
  A wraith (D:8)
  Edmund (D:5)
  Duvessa (D:5)
  4 water moccasins
  An acid dragon (D:10)
  An orc warrior (D:10)
  3 ice beasts
  6 black bears
  2 sky beasts (D:8)
  4 ogres
  2 centaurs
  5 phantoms (D:8)
  6 bullfrogs
  4 kobold brigands
  2 gnoll sergeants (D:10)
  3 scorpions (D:8)
  8 wights
  Dowan (D:5)
  6 howler monkeys
  4 hounds
  2 centaur zombies (D:8)
  3 orc priests
  8 sleepcaps
  2 jellies
  Jessica (D:2)
  5 iguanas
  7 orc wizards
  3 scorpion zombies (D:8)
  6 killer bee zombies (D:8)
  8 adders
  9 gnolls
  10 shadow imps
  A white imp (D:8)
  2 ufetubi (D:6)
  A ribbon worm (D:2)
  A dart slug (D:1)
  26 orcs
  8 bats
  8 endoplasms
  4 giant cockroaches
  5 goblins
  3 hobgoblins
  10 jackals
  25 kobolds
  A quokka (D:4)
  3 ball pythons
  2 frilled lizards
  8 rats
248 creatures vanquished.

Vanquished Creatures (others)
  An orc wizard (D:7)
1 creature vanquished.

Grand Total: 249 creatures vanquished

Notes
Turn   | Place    | Note
-------+----------+-------------------------------------------
     0 | D:1      | sleeves the Gnoll Earth Elementalist began the quest for
                  | the Orb.
     0 | D:1      | Reached XP level 1. HP: 13/13 MP: 6/6
    36 | D:1      | Reached skill level 2 in Conjurations
    42 | D:1      | Reached XP level 2. HP: 19/19 MP: 2/7
   188 | D:1      | You fall into a shaft and drop 1 floor!
   625 | D:1      | Reached skill level 5 in Spellcasting
   625 | D:1      | Reached XP level 3. HP: 25/25 MP: 6/9
   629 | D:1      | Learned a level 3 spell: Stone Arrow
   911 | D:2      | Identified the +0 ring mail of Leapfrog {-Tele Harm Fly
                  | rCorr}
  1002 | D:2      | Reached skill level 1 in Invocations
  1078 | D:2      | Noticed Jessica
  1085 | D:2      | Killed Jessica
  1086 | D:2      | Reached skill level 1 in Fighting
  1086 | D:2      | Reached skill level 1 in Short Blades
  1086 | D:2      | Reached skill level 1 in Long Blades
  1086 | D:2      | Reached skill level 1 in Axes
  1086 | D:2      | Reached skill level 1 in Maces & Flails
  1086 | D:2      | Reached skill level 1 in Polearms
  1086 | D:2      | Reached skill level 1 in Staves
  1086 | D:2      | Reached skill level 1 in Ranged Weapons
  1086 | D:2      | Reached skill level 1 in Throwing
  1086 | D:2      | Reached skill level 1 in Armour
  1086 | D:2      | Reached skill level 1 in Shields
  1086 | D:2      | Reached skill level 1 in Unarmed Combat
  1086 | D:2      | Reached skill level 1 in Evocations
  1086 | D:2      | Reached skill level 1 in Shapeshifting
  1086 | D:2      | Reached XP level 4. HP: 32/32 MP: 8/11
  1188 | D:2      | Identified the +0 leather armour of the Bagpipe {rN+
                  | Slay+3}
  1646 | D:3      | Noticed a black bear
  1657 | D:3      | Reached skill level 1 in Hexes
  1657 | D:3      | Reached skill level 1 in Summonings
  1657 | D:3      | Reached skill level 1 in Necromancy
  1657 | D:3      | Reached skill level 1 in Translocations
  1657 | D:3      | Reached skill level 1 in Fire Magic
  1657 | D:3      | Reached skill level 1 in Ice Magic
  1657 | D:3      | Reached skill level 1 in Air Magic
  1657 | D:3      | Reached skill level 1 in Alchemy
  1662 | D:3      | HP: 13/32 [gnoll/+0 club (7)]
  1765 | D:3      | Reached XP level 5. HP: 22/37 MP: 8/12
  2283 | D:3      | Killed a black bear
  2284 | D:3      | Reached skill level 2 in Invocations
  2284 | D:3      | Reached XP level 6. HP: 44/44 MP: 10/14
  2335 | D:4      | Reached skill level 2 in Fighting
  2335 | D:4      | Reached skill level 2 in Short Blades
  2335 | D:4      | Reached skill level 2 in Long Blades
  2335 | D:4      | Reached skill level 2 in Axes
  2335 | D:4      | Reached skill level 2 in Maces & Flails
  2335 | D:4      | Reached skill level 2 in Polearms
  2335 | D:4      | Reached skill level 2 in Staves
  2335 | D:4      | Reached skill level 2 in Ranged Weapons
  2335 | D:4      | Reached skill level 2 in Throwing
  2335 | D:4      | Reached skill level 2 in Armour
  2335 | D:4      | Reached skill level 5 in Dodging
  2335 | D:4      | Reached skill level 2 in Shields
  2335 | D:4      | Reached skill level 2 in Unarmed Combat
  2335 | D:4      | Reached skill level 2 in Evocations
  2495 | D:4      | Reached skill level 2 in Shapeshifting
  2567 | D:4      | Reached skill level 2 in Hexes
  2567 | D:4      | Reached skill level 2 in Summonings
  2567 | D:4      | Reached skill level 2 in Necromancy
  2567 | D:4      | Reached skill level 2 in Translocations
  2567 | D:4      | Reached skill level 2 in Fire Magic
  2567 | D:4      | Reached skill level 2 in Ice Magic
  2567 | D:4      | Reached skill level 2 in Air Magic
  2567 | D:4      | Reached skill level 2 in Alchemy
  2567 | D:4      | Reached XP level 7. HP: 51/51 MP: 6/15
  2643 | D:4      | Reached skill level 3 in Conjurations
  2644 | D:4      | Reached skill level 5 in Stealth
  2811 | D:4      | Reached skill level 3 in Invocations
  2904 | D:4      | Found a runed translucent door.
  2905 | D:4      | Noticed ebering's ghost (amateur MDFi)
  2906 | D:4      | Noticed a steam dragon
  2910 | D:4      | Reached skill level 6 in Earth Magic
  3097 | D:4      | Reached skill level 3 in Fighting
  3097 | D:4      | Reached skill level 3 in Short Blades
  3097 | D:4      | Reached skill level 3 in Long Blades
  3097 | D:4      | Reached skill level 3 in Axes
  3097 | D:4      | Reached skill level 3 in Maces & Flails
  3097 | D:4      | Reached skill level 3 in Polearms
  3097 | D:4      | Reached skill level 3 in Staves
  3097 | D:4      | Reached skill level 3 in Ranged Weapons
  3097 | D:4      | Reached skill level 3 in Throwing
  3097 | D:4      | Reached skill level 3 in Armour
  3097 | D:4      | Reached skill level 3 in Shields
  3097 | D:4      | Reached skill level 3 in Unarmed Combat
  3097 | D:4      | Reached skill level 3 in Evocations
  3097 | D:4      | Reached XP level 8. HP: 58/58 MP: 11/16
  3478 | D:4      | Found a runed translucent door.
  3479 | D:4      | Noticed Crazy Yiuf
  3530 | D:5      | Entered Level 5 of the Dungeon
  3545 | D:5      | Reached skill level 6 in Spellcasting
  3573 | D:5      | Reached skill level 3 in Shapeshifting
  3775 | D:5      | Found a sacrificial altar of Ru.
  3799 | D:5      | Noticed Duvessa
  3817 | D:5      | Killed Duvessa
  3825 | D:5      | Noticed Dowan
  3828 | D:5      | Killed Dowan
  3934 | D:5      | Reached skill level 3 in Hexes
  3934 | D:5      | Reached skill level 3 in Summonings
  3934 | D:5      | Reached skill level 3 in Necromancy
  3934 | D:5      | Reached skill level 3 in Translocations
  3934 | D:5      | Reached skill level 3 in Fire Magic
  3934 | D:5      | Reached skill level 3 in Ice Magic
  3934 | D:5      | Reached skill level 3 in Air Magic
  3934 | D:5      | Reached skill level 3 in Alchemy
  3934 | D:5      | Reached skill level 4 in Invocations
  3992 | D:5      | Noticed Grinder
  3998 | D:5      | Killed Grinder
  3999 | D:5      | Reached skill level 6 in Dodging
  4076 | D:5      | Noticed Edmund
  4088 | D:5      | Reached skill level 4 in Fighting
  4088 | D:5      | Reached skill level 4 in Short Blades
  4088 | D:5      | Reached skill level 4 in Long Blades
  4088 | D:5      | Reached skill level 4 in Axes
  4088 | D:5      | Reached skill level 4 in Maces & Flails
  4088 | D:5      | Reached skill level 4 in Polearms
  4088 | D:5      | Reached skill level 4 in Staves
  4088 | D:5      | Reached skill level 4 in Ranged Weapons
  4088 | D:5      | Reached skill level 4 in Throwing
  4088 | D:5      | Reached skill level 4 in Armour
  4088 | D:5      | Reached skill level 4 in Shields
  4088 | D:5      | Reached skill level 4 in Unarmed Combat
  4088 | D:5      | Reached skill level 4 in Conjurations
  4088 | D:5      | Reached skill level 4 in Evocations
  4088 | D:5      | Reached XP level 9. HP: 65/65 MP: 14/18
  4258 | D:5      | Killed Edmund
  4263 | D:5      | Reached skill level 6 in Stealth
  4356 | D:5      | Found Ypeem's Magic Scroll Emporium.
  4363 | D:5      | Bought a scroll of identify for 26 gold pieces
  4363 | D:5      | Bought a scroll of teleportation for 39 gold pieces
  4771 | D:6      | Found a glowing drain.
  4794 | Sewer    | Entered a sewer
  5119 | D:6      | Found a broken altar of Ashenzari.
  5240 | D:6      | Reached skill level 4 in Shapeshifting
  5581 | D:6      | Reached skill level 5 in Invocations
  6289 | D:7      | Found a blossoming altar of Fedhas.
  6308 | D:7      | Found a staircase to the Ecumenical Temple.
  6486 | Temple   | Entered the Ecumenical Temple
  6536 | D:7      | Reached skill level 7 in Spellcasting
  6903 | D:8      | Found a bloodstained altar of Trog.
  6908 | D:8      | Found a shimmering blue altar of Sif Muna.
  6913 | D:8      | Found an iron altar of Okawaru.
  6918 | D:8      | Became a worshipper of Sif Muna the Loreminder
  6921 | D:8      | Found a snail-covered altar of Cheibriados.
  6923 | D:8      | Found a radiant altar of Vehumet.
  6924 | D:8      | Found a burning altar of Makhleb.
  6926 | D:8      | Found a sparkling altar of Nemelex Xobeh.
  6959 | D:8      | Reached skill level 4 in Hexes
  6959 | D:8      | Reached skill level 4 in Summonings
  6959 | D:8      | Reached skill level 4 in Necromancy
  6959 | D:8      | Reached skill level 4 in Translocations
  6959 | D:8      | Reached skill level 4 in Fire Magic
  6959 | D:8      | Reached skill level 4 in Ice Magic
  6959 | D:8      | Reached skill level 4 in Air Magic
  6959 | D:8      | Reached skill level 4 in Alchemy
  7116 | D:8      | Reached skill level 5 in Fighting
  7116 | D:8      | Reached skill level 5 in Short Blades
  7116 | D:8      | Reached skill level 5 in Long Blades
  7116 | D:8      | Reached skill level 5 in Axes
  7116 | D:8      | Reached skill level 5 in Maces & Flails
  7116 | D:8      | Reached skill level 5 in Polearms
  7116 | D:8      | Reached skill level 5 in Staves
  7116 | D:8      | Reached skill level 5 in Ranged Weapons
  7116 | D:8      | Reached skill level 5 in Throwing
  7116 | D:8      | Reached skill level 5 in Armour
  7116 | D:8      | Reached skill level 5 in Shields
  7116 | D:8      | Reached skill level 5 in Unarmed Combat
  7116 | D:8      | Reached skill level 5 in Evocations
  7117 | D:8      | Reached XP level 10. HP: 74/74 MP: 16/20
  7157 | D:8      | HP: 37/74 [black bear (1)]
  7160 | D:8      | Reached skill level 7 in Earth Magic
  7364 | D:8      | Reached skill level 7 in Dodging
  7365 | D:8      | Reached * piety under Sif Muna
  7740 | D:8      | Reached skill level 5 in Conjurations
  7750 | D:8      | Reached skill level 6 in Invocations
  7751 | D:8      | HP: 33/74 [yak (12)]
  7754 | D:8      | Reached skill level 7 in Stealth
  7754 | D:8      | Reached skill level 5 in Shapeshifting
  7756 | D:8      | HP: 18/74 [shadow imp/nerve-wracking pain (7)]
  8230 | D:8      | Reached ** piety under Sif Muna
  8641 | D:8      | Identified the +0 chain mail of Plog {+Blink rC- Int+4}
  9009 | D:9      | Found Orhucly's General Store.
  9268 | D:9      | Reached skill level 6 in Fighting
  9268 | D:9      | Reached skill level 6 in Short Blades
  9268 | D:9      | Reached skill level 6 in Long Blades
  9268 | D:9      | Reached skill level 6 in Axes
  9268 | D:9      | Reached skill level 6 in Maces & Flails
  9268 | D:9      | Reached skill level 6 in Polearms
  9268 | D:9      | Reached skill level 6 in Staves
  9268 | D:9      | Reached skill level 6 in Ranged Weapons
  9268 | D:9      | Reached skill level 6 in Throwing
  9268 | D:9      | Reached skill level 6 in Armour
  9268 | D:9      | Reached skill level 6 in Shields
  9268 | D:9      | Reached skill level 6 in Unarmed Combat
  9268 | D:9      | Reached skill level 6 in Evocations
  9605 | D:10     | Entered Level 10 of the Dungeon
  9613 | D:10     | Noticed Maggie
  9615 | D:10     | Reached skill level 5 in Hexes
  9615 | D:10     | Reached skill level 5 in Summonings
  9615 | D:10     | Reached skill level 5 in Necromancy
  9615 | D:10     | Reached skill level 5 in Translocations
  9615 | D:10     | Reached skill level 5 in Fire Magic
  9615 | D:10     | Reached skill level 5 in Ice Magic
  9615 | D:10     | Reached skill level 5 in Air Magic
  9615 | D:10     | Reached skill level 5 in Alchemy
  9619 | D:10     | HP: 37/76 [gnoll/+0 spear[a gnoll sergeant] (2)]
  9623 | D:10     | Killed Maggie
  9624 | D:10     | Reached skill level 8 in Spellcasting
  9624 | D:10     | Reached XP level 11. HP: 36/81 MP: 0/23
  9624 | D:10     | HP: 36/81 [poisoned by a gnoll sergeant]
  9775 | D:10     | Noticed a two-headed ogre
  9831 | D:10     | Noticed a two-headed ogre
  9844 | D:10     | Noticed a two-headed ogre
  9853 | D:10     | Killed a two-headed ogre
  9915 | D:10     | Killed a two-headed ogre
 10051 | D:10     | Found a white marble altar of Elyvilon.
 10099 | D:10     | Reached skill level 7 in Invocations
 10236 | D:10     | Noticed a deep elf pyromancer
 10244 | D:10     | Killed a deep elf pyromancer
 10245 | D:10     | Reached skill level 8 in Dodging
 10249 | D:10     | Noticed a seven-headed hydra
 10257 | D:10     | Noticed a cyclops
 10271 | D:10     | HP: 40/83 [seven-headed hydra (9)]
 10272 | D:10     | HP: 9/83 [seven-headed hydra (11)]
 10272 | D:10     | Slain by a seven-headed hydra

Illustrated notes

Levels and vault maps discovered:
D:1:      dpeg_arrival_solitude, layout_loops_ring
D:2:      layout_rooms, serial_corexii_hall, corexii_hall_statues_l,
          chequers_hall_statues_wall_a, chequers_serial_rivers_micro_a,
          uniq_jessica
D:3:      layout_basic, hex_medium
D:4:      layout_loops_ring, ebering_ghost_inner_flame, chequers_garden,
          minmay_distorted, uniq_crazy_yiuf_cottage
D:5:      layout_cave_pods, nicolae_ru_the_path_less_chosen, serial_shops, shop,
          uniq_duvessa, uniq_grinder, uniq_edmund
D:6:      layout_basic, ashenzari_conservatory_becter, gup_sewer_entry_glass
D:7:      layout_basic, mainiacjoe_overflow_six_doors_small,
          minmay_temple_entry_statues_fountains, minivault_26,
          minmay_misc_feat_columns, nicolae_tricolors
D:8:      bobbens_index_wilting_gardens, layout_loops_ring, minitemple,
          minmay_puff
D:9:      layout_basic, serial_shops, shop
D:10:     minmay_general_purpose_star, layout_loops_ring,
          mainiacjoe_overflow_24_doors, david_lair_generic, dk_noncrumbling_4,
          minmay_fractal_squares_gapless_7, uniq_erolcha, uniq_maggie
Temple:   minmay_temple_curvy_loop

Skill      XL: |  1  2  3  4  5  6  7  8  9 10 11 |
---------------+----------------------------------+-----
Conjurations   | 2 3 4 5 |  5.8
Spellcasting   | 5 6 7 8 |  8.3
Invocations    | 1 2 3 4 5 6 7 |  7.1
Fighting       | 1 2 3 4 5 6 |  6.5
Short Blades   | 1 2 3 4 5 6 |  6.5
Long Blades    | 1 2 3 4 5 6 |  6.5
Axes           | 1 2 3 4 5 6 |  6.5
Maces & Flails | 1 2 3 4 5 6 |  6.5
Polearms       | 1 2 3 4 5 6 |  6.5
Staves         | 1 2 3 4 5 6 |  6.5
Ranged Weapons | 1 2 3 4 5 6 |  6.5
Throwing       | 1 2 3 4 5 6 |  6.5
Armour         | 1 2 3 4 5 6 |  6.5
Shields        | 1 2 3 4 5 6 |  6.5
Unarmed Combat | 1 2 3 4 5 6 |  6.5
Evocations     | 1 2 3 4 5 6 |  6.5
Shapeshifting  | 1 2 3 4 5 |  5.9
Hexes          | 1 2 3 4 5 |  5.3
Summonings     | 1 2 3 4 5 |  5.3
Necromancy     | 1 2 3 4 5 |  5.3
Translocations | 1 2 3 4 5 |  5.3
Fire Magic     | 1 2 3 4 5 |  5.3
Ice Magic      | 1 2 3 4 5 |  5.3
Air Magic      | 1 2 3 4 5 |  5.3
Alchemy        | 1 2 3 4 5 |  5.3
Dodging        | 5 6 7 8 |  8.0
Stealth        | 5 6 7 |  7.8
Earth Magic    | 6 7 |  7.7

Action                     |  1- 3 |  4- 6 |  7- 9 | 10-12 || total
---------------------------+-------+-------+-------+-------++-------
  Melee: Short sword       |     5 |     5 |       |       ||    10
         Trident           |       |       |    43 |    31 ||    74
         Bite              |       |       |     4 |     5 ||     9
         Hand axe          |       |       |       |    38 ||    38
   Cast: Sandblast         |    34 |    37 |   150 |    95 ||   316
         Stone Arrow       |       |     2 |       |    42 ||    44
  Evoke: Wand              |       |       |       |     7 ||     7
    Use: Scroll            |       |       |    14 |       ||    14
   Stab: Sleeping          |       |       |     7 |     1 ||     8
 Armour: Robe              |    13 |       |       |       ||    13
         Leather armour    |       |    13 |    43 |   112 ||   168
  Dodge: Dodged            |    16 |     9 |    32 |    74 ||   131
  Block: Buckler           |     4 |     5 |    16 |    33 ||    58

Table legend: (Time is in decaauts)
 A = Elapsed time spent in this place.
 B = Non-inter-level travel time spent in this place.
 C = Inter-level travel time spent in this place.
 D = Time resting spent in this place.
 E = Time spent auto-exploring this place.
 F = Levels seen in this place.
 G = Mean time per level.
                   A        B        C        D        E       F      G
               +--------+--------+--------+--------+--------+-----+--------+
         Total |  10466 |  10002 |    464 |    152 |   8397 |  12 |  872.2 |
       Dungeon |  10119 |   9657 |    462 |    152 |   8161 |  10 | 1011.9 |
        Temple |      1 |      0 |      1 |      0 |      0 |   1 |    1.0 |
         Sewer |    345 |    345 |      0 |      0 |    235 |   1 |  345.0 |
               +--------+--------+--------+--------+--------+-----+--------+

Top non-repeatable levels by time:
     D:8: 2041 daAuts
     D:4: 1160 daAuts
     D:5: 1080 daAuts
     D:6: 1072 daAuts
     D:3: 914 daAuts
     D:1: 856 daAuts
     D:7: 849 daAuts
     D:9: 826 daAuts
    D:10: 671 daAuts
     D:2: 646 daAuts
   Sewer: 345 daAuts
  Temple: 1 daAuts
